 Dungeon Crawl Stone Soup version 0.26.0-20-g3ca415f5b8 (webtiles) character file.

Game seed: 17777983978593220918

17 Acheron the Ducker (level 2, -1/16 HPs)
             Began as a Spriggan Abyssal Knight on Jan 24, 2021.
             Was a Follower of Lugonu.
             Slain by a kobold
             ... wielding a +4 whip
              (6 damage)
             ... on level 2 of the Dungeon.
             The game lasted 00:03:05 (536 turns).

Acheron the Ducker (Spriggan Abyssal Knight)         Turns: 536, Time: 00:03:06

Health: -1/16      AC:  2    Str:  8    XL:     2   Next: 44%
Magic:  4/4        EV: 19    Int: 13    God:    Lugonu [*.....]
Gold:   110        SH:  0    Dex: 15    Spells: 1/1 levels left

rFire    . . .     SeeInvis +   a - +1 short sword
rCold    . . .     Faith    .   (shield restricted)
rNeg     . . .     Spirit   .   b - +0 robe
rPois    .         Reflect  .   (helmet restricted)
rElec    .         Harm     .   (no cloak)
rCorr    .         Rampage  .   (gloves unavailable)
Will     .....                  (boots unavailable)
Stlth    ++........             (no amulet)
HPRegen  0.05/turn              (no ring)
MPRegen  0.09/turn              (no ring)

@: very quick
A: very small, unfitting armour, see invisible, speed 3
a: Renounce Religion, Depart the Abyss


You were on level 2 of the Dungeon.
You worshipped Lugonu.
Lugonu was aware of your devotion.
You visited 1 branch of the dungeon, and saw 2 of its levels.
You visited the Abyss 1 time.

You collected 110 gold pieces.

Inventory:

Hand Weapons
 a - a +1 short sword (weapon)
Armour
 b - a +0 robe (worn)
Scrolls
 c - a scroll of blinking {unknown}
 d - a scroll of immolation {unknown}
 h - a scroll of enchant armour {unknown}
 i - a scroll of fog {unknown}
 j - a scroll of enchant weapon {unknown}
Potions
 e - a potion of degeneration {unknown}
 f - 2 potions of lignification {unknown}
 g - 2 potions of attraction {unknown}


   Skills:
 * Level 2.7 Fighting
 * Level 2.4 Short Blades
 * Level 4.0 Dodging
 * Level 0.5 Stealth
 * Level 2.0 Invocations


You had one spell level left.
You didn't know any spells.
Your spell library was empty.

Dungeon Overview and Level Annotations

Branches:
Dungeon (2/15)

Altars:


Innate Abilities, Weirdness & Mutations

You are very small and have problems with some larger weapons.
You are too small for most types of armour.
You have supernaturally acute eyesight. (SInv)
You cover ground extremely quickly.


Message History

The kobold throws a stone.
The stone barely misses you.
Your Dodging skill increases to level 4!
Found 19 stones.
Found an escape hatch in the ceiling.
You see here 19 stones.
You start resting.
A kobold is nearby!
The kobold throws a stone.
The stone completely misses you.
You see here a stone.
The kobold throws a stone.
The stone misses you.
You see here a stone.
You closely miss the kobold. The kobold closely misses you.
You closely miss the kobold. The kobold closely misses you.
You hit the kobold.
The kobold is moderately wounded.
The kobold misses you.
You hit the kobold but do no damage.
The kobold is moderately wounded.
The kobold hits you with a +4 whip.
You die...

....########..#
... #..# ..
#..# . #..#
#..# #..#####
#......#
#.###K## #.#
#@# #.# #.# #.#
#(# #.# #.# #.#
#(# #. #.# #<#
#.# #.#


You could see a kobold.

Vanquished Creatures
  An ooze (D:1)
  A ball python (D:1)
  3 goblins
  A kobold (D:2)
  A quokka (D:2)
  2 bats (D:2)
  A frilled lizard (D:1)
  2 rats (D:1)
12 creatures vanquished.

Notes
Turn   | Place    | Note
-------+----------+-------------------------------------------
     0 | Abyss:1  | Acheron the Spriggan Abyssal Knight began the quest for the
                  | Orb.
     0 | Abyss:1  | Reached XP level 1. HP: 11/11 MP: 3/3
    97 | Abyss:3  | Found a corrupted altar of Lugonu.
   109 | Abyss:3  | Noticed an ancient zyme
   135 | Abyss:3  | Noticed an eye of draining
   144 | Abyss:3  | Noticed an Executioner
   154 | Abyss:3  | Noticed a spatial maelstrom
   155 | Abyss:3  | Noticed a spatial vortex
   165 | Abyss:3  | Noticed a chaos spawn
   167 | Abyss:3  | Noticed an earth elemental
   169 | Abyss:3  | Noticed an efreet
   170 | D:1      | Escaped the Abyss
   248 | D:1      | Reached * piety under Lugonu
   278 | D:1      | Reached XP level 2. HP: 16/16 MP: 4/4
   493 | D:2      | Reached skill level 4 in Dodging
   536 | D:2      | Slain by a kobold

Illustrated notes

Levels and vault maps discovered:
D:1:      lightli_arrival_maybe_door_vault, layout_rooms
D:2:      layout_basic

Skill      XL: |  1  2 |
---------------+-------+-----
Invocations    | 2 |  2.0
Dodging        | 4 |  4.0
Fighting       | |  2.7
Short Blades   | |  2.4
Stealth        | |  0.5

Action                   || total
-------------------------++-------
Melee: Short sword       ||    41
Invok: Depart the Abyss  ||     1
Armor: Robe              ||     9
Dodge: Dodged            ||    37
